 Dungeon Crawl Stone Soup version 0.29.1-4-g47bece8355 (webtiles) character file.

Game seed: 10146161722268259630

114 javelincjr the Conjurer (level 4, -2/24 HPs)
             Began as a Deep Elf Conjurer on Dec 5, 2022.
             Slain by a goblin
             ... wielding a +0 club
             ... led by Robin
              (4 damage)
             ... on level 2 of the Dungeon.
             The game lasted 00:13:44 (2393 turns).

javelincjr the Conjurer (Deep Elf Conjurer)         Turns: 2393, Time: 00:13:45

Health: -2/24      AC:  2    Str:  4    XL:     4   Next: 67%
Magic:  0/12       EV: 12    Int: 25    God:
Gold:   153        SH:  0    Dex: 13    Spells: 9/12 levels left

rFire   . . .      SeeInvis .   p - +2 dagger (holy)
rCold   . . .      Faith    .   (no shield)
rNeg    . . .      Spirit   .   a - +0 robe
rPois   .          Reflect  .   (no helmet)
rElec   .          Harm     .   (no cloak)
rCorr   .          Rampage  .   (no gloves)
Will    .....                   (no boots)
Stlth   ++........              (no amulet)
HPRegen 0.08/turn               (no ring)
MPRegen 0.13/turn               (no ring)

@: no status effects
A: no striking features
a: no special abilities


You were on level 2 of the Dungeon.
You visited 1 branch of the dungeon, and saw 4 of its levels.

You collected 153 gold pieces.

Inventory:

Hand Weapons
 e - a +0 short sword
 p - a +2 dagger of holy wrath (weapon)
 q - a +1 dagger of flaming
Armour
 a - a +0 robe (worn)
 k - a scarf of harm
Scrolls
 d - a scroll of fog {unknown}
 f - 3 scrolls of identify {unknown}
 h - a scroll of enchant weapon {unknown}
 i - 2 scrolls of enchant armour {unknown}
 l - a scroll of acquirement {unknown}
 m - a scroll of magic mapping {unknown}
 o - a scroll of silence {unknown}
Potions
 b - a potion of magic
 c - a potion of flight {unknown}
 g - a potion of curing {unknown}
 j - a potion of attraction {unknown}
 n - a potion of mutation {unknown}


   Skills:
 + Level 0.1 Fighting
 + Level 2.8 Dodging
 + Level 3.1 Stealth
 + Level 4.5 Spellcasting
 + Level 5.6 Conjurations


You had 9 spell levels left.
You knew the following spells:

 Your Spells              Type           Power      Damage    Failure   Level
a - Magic Dart            Conj           100%       1d8       1%          1
b - Searing Ray           Conj           66%        2d6       1%          2

Your spell library contained the following spells:

 Spells                   Type           Power      Damage    Failure   Level
 Necrotise                Necr           20%        1d5       9%          1
 Dazzling Flash           Conj/Hex       38%        N/A       9%          3
 Fulminant Prism          Conj/Hex       9%         3d7       26%         4
 Iskenderun's Mystic Bla  Conj/Tloc      19%        2d6       26%         4


Dungeon Overview and Level Annotations

Branches:
Dungeon (4/15)
 Temple: D:4-7

Altars:

Annotations:
D:3 Sigmund


Message History

You hit the hobgoblin but do no damage. The hobgoblin closely misses you.
You barely miss the hobgoblin. The hobgoblin hits you.
The hobgoblin attacks as you move away! The hobgoblin barely misses you.
The goblin attacks as you move away! The goblin closely misses you.
The hobgoblin attacks as you move away! The hobgoblin completely misses you.
You hit the goblin.
The goblin is heavily wounded.
The goblin hits you but does no damage. The hobgoblin barely misses you.
The hobgoblin attacks as you move away! The hobgoblin hits you.
The goblin attacks as you move away! The goblin hits you with a +0 dagger.
You closely miss the goblin.
The goblin is heavily wounded.
The goblin hits you with a +0 dagger. The goblin closely misses you.
The hobgoblin barely misses you. The goblin attacks as you move away!
The goblin hits you with a +0 club. The hobgoblin attacks as you move away!
The hobgoblin hits you.
* * * LOW HITPOINT WARNING * * *
Casting: Magic Dart (safe; 1% risk of failure)
Confirm with . or Enter, or press ? or * to list all spells.
Aiming: Magic Dart (safe; 1% risk of failure)
Press: ? - help, Shift-Dir - straight line, f - goblin
Aim: a goblin, wielding a +0 dagger (heavily wounded, 100% to hit)
The magic dart hits the goblin!
You kill the goblin!
The hobgoblin barely misses you. The goblin misses you.
The hobgoblin attacks as you move away! The hobgoblin hits you.
* * * LOW HITPOINT WARNING * * *
Casting: Magic Dart (safe; 1% risk of failure)
Confirm with . or Enter, or press ? or * to list all spells.
Aiming: Magic Dart (safe; 1% risk of failure)
Press: ? - help, Shift-Dir - straight line, f - hobgoblin
Aim: a hobgoblin (100% to hit)
The magic dart hits the hobgoblin.
The hobgoblin is almost dead.
The hobgoblin barely misses you. The goblin hits you with a +0 club.
* * * LOW HITPOINT WARNING * * *
You closely miss the hobgoblin.
The hobgoblin is almost dead.
The hobgoblin barely misses you. The goblin hits you with a +0 club.
You die...

######## #......+..#.#...........
.......# #......##.#.#.^...######
.......# #......##......##.......
.......# #...............########
.......# #..........>....########
.......# #......................#
.......###......................#
................................#
.....)........)g@........########
#####..........g..#.............'
###############......########
####### #......# # #.....#
##......###### # #######.....#
#............### #...........#
#............'.. #.........###
#............### #.........#
#............#..


You could see a hobgoblin and a goblin.

Vanquished Creatures
  An orc wizard (D:2)
  An adder (D:2)
  3 dart slugs
  4 orcs (D:2)
  5 ball pythons
  3 bats
  6 endoplasms
  3 giant cockroaches (D:1)
  8 goblins
  7 hobgoblins (D:1)
  4 jackals (D:2)
  A quokka (D:2)
  3 frilled lizards
  6 kobolds
  5 rats
60 creatures vanquished.

Vanquished Creatures (others)
  A fungus (D:1)
1 creature vanquished.

Grand Total: 61 creatures vanquished

Notes
Turn   | Place    | Note
-------+----------+-------------------------------------------
     0 | D:1      | javelincjr the Deep Elf Conjurer began the quest for the
                  | Orb.
     0 | D:1      | Reached XP level 1. HP: 10/10 MP: 6/6
   178 | D:1      | Reached XP level 2. HP: 15/15 MP: 2/8
   329 | D:1      | Found a faded altar of an unknown god.
   335 | D:1      | Got Plato's Handbook of Darkness
   405 | D:1      | Reached skill level 5 in Conjurations
   522 | D:1      | Learned a level 2 spell: Searing Ray
   587 | D:1      | Reached XP level 3. HP: 16/19 MP: 2/10
  1835 | D:3      | Noticed Sigmund
  2104 | D:2      | Reached XP level 4. HP: 23/24 MP: 9/12
  2393 | D:2      | Slain by a goblin

Illustrated notes

Levels and vault maps discovered:
D:1:      denvon_arrival_waterhouse, layout_loops_cross,
          shapermc_ecumenical_altar_rom_forum,
          amcnicky_mini_rare_corridor_liquid, minmay_vboxes
D:2:      layout_basic, uniq_robin
D:3:      layout_rooms, grunt_decor_mini_mirrors, uniq_pargi, uniq_sigmund,
          uniq_crazy_yiuf_cottage
D:4:      layout_basic, mainiacjoe_overflow_chevrons

Skill      XL: |  1  2  3 |
---------------+----------+-----
Conjurations   | 5 |  5.6
Spellcasting   | 4 |  4.5
Stealth        | 3 |  3.1
Fighting       | |  0.1
Dodging        | |  2.8

Action                   |  1- 3 |  4- 6 || total
-------------------------+-------+-------++-------
Melee: Short sword       |    18 |     7 ||    25
       Dagger            |       |     5 ||     5
 Cast: Magic Dart        |    79 |    16 ||    95
       Searing Ray       |     5 |     3 ||     8
Armor: Robe              |     4 |     3 ||     7
Dodge: Dodged            |    27 |    14 ||    41
